 Dungeon Crawl Stone Soup version 0.24-a0-475-g5b41c6f198 (webtiles) character file.

Game seed: 18119911915389057269

158 Requin the Shield-Bearer (level 5, -3/47 HPs)
             Began as a Hill Orc Fighter on July 4, 2019.
             Was an Initiate of Beogh.
             Slain by Grinder (4 damage)
             ... on level 3 of the Dungeon on July 5, 2019.
             The game lasted 00:16:34 (1781 turns).

Requin the Shield-Bearer (Hill Orc Fighter)         Turns: 1781, Time: 00:16:35

Health: -3/47      AC: 11    Str: 20    XL:     5   Next: 39%
Magic:  5/5        EV:  5    Int:  8    God:    Beogh [......]
Gold:   107        SH: 10    Dex: 12    Spells: 4/4 levels left

rFire    . . .     SeeInvis .   q - -1 dagger (curse)
rCold    . . .     Gourm    .   c - +0 shield
rNeg     . . .     Faith    .   k - +0 chain mail
rPois    .         Spirit   .   j - +0 helmet
rElec    .         Reflect  .   e - +0 cloak
rCorr    .         Harm     .   (no gloves)
MR       .....                  (no boots)
Stlth    ..........             (no amulet)
HPRegen  0.15/turn              p - +2 ring of dexterity
MPRegen  0.09/turn              (no ring)

@: no status effects
A: no striking features
a: Renounce Religion


You were on level 3 of the Dungeon.
You worshipped Beogh.
Beogh was noncommittal.
You were not hungry.

You visited 1 branch of the dungeon, and saw 3 of its levels.

You collected 107 gold pieces.

Inventory:

Hand Weapons
 a - a +0 war axe
 q - a cursed -1 dagger (weapon)
Missiles
 b - 34 stones (quivered)
Armour
 c - a +0 shield (worn)
 e - a +0 cloak (worn)
 j - a +0 helmet (worn)
 k - a +0 chain mail (worn)
Jewellery
 p - a +2 ring of dexterity (left hand)
Wands
 r - a wand of flame (6)
Scrolls
 i - a scroll of amnesia {unknown}
 m - a scroll of identify
 n - a scroll of fog {unknown}
Potions
 d - a potion of might
 g - 4 potions of curing
 h - a potion of degeneration {unknown}
 l - a potion of heal wounds {unknown}
Comestibles
 f - 3 rations
 o - 3 chunks of flesh


   Skills:
 + Level 4.3 Fighting
 * Level 4.6 Axes
 + Level 4.0 Armour
 * Level 4.6 Shields


You had 4 spell levels left.
You didn't know any spells.
Your spell library was empty.

Dungeon Overview and Level Annotations

Branches:
Dungeon (3/15)

Altars:

Annotations:
D:2 Natasha, Sigmund
D:3 Grinder


Message History

Grinder hits you but does no damage.
You closely miss Grinder.
Grinder is lightly wounded.
You block Grinder's attack.
Your shield and chain mail prevent you from hitting Grinder.
Grinder is lightly wounded.
Grinder gestures at you. Pain shoots through your body!
* * * LOW HITPOINT WARNING * * *
You hit Grinder.
Grinder is moderately wounded.
Grinder gestures at you. Pain shoots through your body!
* * * LOW HITPOINT WARNING * * *
You hit Grinder.
Grinder is moderately wounded.
Grinder hits you.
* * * LOW HITPOINT WARNING * * *
You writhe in agony.
You die...

##.. ### #.. ..# #..
#.# ####.. #.# #.....
#.# #.###[ #.# #.# #.
...######### #.# #.# #.
#......@5.# ###.###.#
#. ....######.#
#.......# #. . #.#
#.......###( #.#
#.......(##.
#.######.###.........(.
#...................###
########.###.......## #
#.###.......####
#.............(.


You could see Grinder.

Vanquished Creatures
  Jessica (D:1)
  Natasha (D:2)
  3 adders
  2 oozes
  A worm (D:2)
  3 dart slugs
  3 leopard geckos
  3 ball pythons
  2 giant cockroaches
  6 goblins
  11 hobgoblins
  10 bats
  4 frilled lizards
  3 kobolds
  7 rats (D:1)
60 creatures vanquished.

Vanquished Creatures (others)
  An iguana (D:3)
  Terence (D:3)
  A leopard gecko (D:3)
  An orc (D:3)
  A rat (D:3)
  5 toadstools (D:1)
10 creatures vanquished.

Grand Total: 70 creatures vanquished

Notes
Turn   | Place    | Note
-------+----------+-------------------------------------------
     0 | D:1      | Requin the Hill Orc Fighter began the quest for the Orb.
     0 | D:1      | Reached XP level 1. HP: 19/19 MP: 1/1
    97 | D:1      | Reached XP level 2. HP: 20/27 MP: 2/2
   228 | D:1      | Reached XP level 3. HP: 29/33 MP: 3/3
   586 | D:2      | Noticed Sigmund
   587 | D:2      | Noticed Natasha
   599 | D:2      | Noticed Jessica
   652 | D:2      | Killed Natasha
   652 | D:2      | Reached XP level 4. HP: 28/40 MP: 4/4
   935 | D:2      | Noticed Natasha
  1002 | D:1      | Killed Jessica
  1271 | D:2      | Reached XP level 5. HP: 37/46 MP: 5/5
  1382 | D:1      | Upgraded the game from 0.24-a0-471-g3302cd442e to
                  | 0.24-a0-475-g5b41c6f198
  1449 | D:3      | Became a worshipper of Beogh the Brigand
  1599 | D:3      | Killed Terence
  1762 | D:3      | Noticed Grinder
  1781 | D:3      | HP: 1/47 [Grinder (3)]
  1781 | D:3      | Slain by Grinder

Levels and vault maps discovered:
D:1:      ldierk_walled_garden, layout_loops_cross, hangedman_decor_growths,
          minmay_door_square
D:2:      layout_rooms, old_standard_altar, grunt_temple_overflow_open,
          uniq_sigmund, uniq_jessica, uniq_natasha
D:3:      layout_loops_ring, nicolae_overflow_hidden_temple,
          wander_ebering_terrifying_dragon_lair, uniq_grinder, uniq_terence

Skill      XL: |  1  2  3  4  5 |
---------------+----------------+-----
Axes           | 3 4 |  4.6
Fighting       | 4 |  4.3
Shields        | 4 |  4.6
Armour         | 4 |  4.0

Action                   |  1- 3 |  4- 6 || total
-------------------------+-------+-------++-------
Melee: War axe           |    85 |   113 ||   198
       Dagger            |       |    35 ||    35
Throw: Stone             |     4 |    32 ||    36
Invok: Convert to Beogh  |       |     1 ||     1
  Use: Scroll            |       |     1 ||     1
  Eat: Chunk             |       |     1 ||     1
       Ration            |       |     1 ||     1
Armor: Scale mail        |    32 |       ||    32
       Chain mail        |    20 |    77 ||    97
Dodge: Dodged            |    28 |    26 ||    54
Block: Shield            |    48 |    52 ||   100

Table legend:
 A = Non-vault XP
 B = Vault XP
 C = Vault XP percentage of total XP
 D = Non-vault monster count
 E = Vault monster count
 F = Vault count percentage of total count
                 A         B        C        D         E       F
            +---------+---------+-------+---------+---------+-------
      Total |     151 |      75 |  33.2 |      57 |       3 |   5.0
            +---------+---------+-------+---------+---------+-------
        D:1 |      62 |      37 |  37.4 |      33 |       1 |   2.9
        D:2 |      55 |      37 |  40.2 |      17 |       1 |   5.6
        D:3 |      34 |       1 |   2.9 |       7 |       1 |  12.5
            +---------+---------+-------+---------+---------+-------
